 Dungeon Crawl Stone Soup version 0.28.0 (webtiles) character file.

Game seed: 18055496297081980256

613 Armakuni the Slasher (level 7, -1/52 HPs)
             Began as a Human Enchanter on Feb 10, 2022.
             Was an Initiate of the Shining One.
             Slain by a phantom (7 damage)
             ... on level 5 of the Dungeon.
             The game lasted 00:14:28 (6486 turns).

Armakuni the Slasher (Human Enchanter)              Turns: 6486, Time: 00:14:29

Health: -1/52      AC:  4    Str: 11    XL:     7   Next: 72%
Magic:  9/9        EV: 11    Int: 15    God:    the Shining One [......]
Gold:   219        SH:  8    Dex: 15    Spells: 2/10 levels left

rFire   . . .      SeeInvis .   a - +0 scimitar
rCold   . . .      Faith    .   i - +3 buckler
rNeg    + . .      Spirit   .   d - +1 leather armour {Will+}
rPois   .          Reflect  .   (helmet restricted)
rElec   .          Harm     .   (no cloak)
rCorr   .          Rampage  .   (no gloves)
Will    +....                   (no boots)
Stlth   ++........              (no amulet)
HPRegen 0.17/turn               N - ring of positive energy
MPRegen 0.11/turn               (no ring)

@: glowing
A: horns 1, thin skeletal structure 1, low MP 1
a: Renounce Religion


You were on level 5 of the Dungeon.
You worshipped the Shining One.
The Shining One was noncommittal.
You visited 1 branch of the dungeon, and saw 5 of its levels.

You collected 219 gold pieces.

Inventory:

Hand Weapons
 a - a +0 scimitar (weapon)
Missiles
 e - 9 poisoned darts (quivered)
 h - 3 boomerangs
Armour
 d - a +1 leather armour of willpower (worn)
 i - a +3 buckler (worn)
Jewellery
 N - a ring of positive energy (left hand)
Wands
 m - a wand of mindburst (8)
Scrolls
 f - 2 scrolls of identify
 k - 2 scrolls of teleportation
 l - a scroll of fear
Potions
 b - a potion of might
 c - a potion of invisibility
 g - a potion of ambrosia {unknown}
 j - a potion of berserk rage
 n - a potion of curing {unknown}


   Skills:
 - Level 3.1 Fighting
 - Level 1.0(3.3) Short Blades
 + Level 5.0(5.1) Long Blades
 - Level 2.0 Dodging
 - Level 3.0 Stealth
 - Level 3.0 Shields
 - Level 2.0 Spellcasting
 - Level 3.0 Hexes
 + Level 3.0 Evocations


You had 2 spell levels left.
You knew the following spells:

 Your Spells              Type           Power      Damage    Failure   Level
c - Confusing Touch       Hex            10%        N/A       32%         3
f - Cause Fear            Hex            5%         N/A       73%         4
s - Slow                  Hex            40%        N/A       11%         1

Your spell library contained the following spells:

 Spells                   Type           Power      Damage    Failure   Level
 Ensorcelled Hibernation  Hex/Ice        12%        N/A       30%         2
 Tukima's Dance           Hex            10%        N/A       32%         3
 Dazzling Flash           Conj/Hex       12%        N/A       52%         3
 Inner Flame              Hex/Fire       6%         N/A       52%         3
 Vampiric Draining        Necr           1%         2d6       75%         3
 Discord                  Hex            5%         N/A       100%        8


Dungeon Overview and Level Annotations

Branches:
Dungeon (5/15)
 Temple: D:4-7

Altars:
Ashenzari
Dithmenos
Fedhas
Hepliaklqana
Okawaru
Wu Jian
Xom
The Shining One

Shops:
D:3 [

Annotations:
D:3 4 runed translucent doors, Crazy Yiuf; Jazqba's ghost, amateur OgBe
D:4 2 transporters


Innate Abilities, Weirdness & Mutations

You have a pair of small horns on your head.
You have a somewhat thin skeletal structure. (Dex +2, Stealth+)
Your magical capacity is low. (-10% MP)


Message History

A water moccasin skeleton comes into view.
The gnoll shouts! x2
You block the gnoll's attack.
Found a copper wand.
The gnoll shouts!
The phantom hits you.
The phantom blinks!
You blink.
The gnoll hits you from afar with a +0 halberd.
You hit the gnoll but do no damage. The phantom hits you.
The phantom blinks!
You blink.
You block the water moccasin skeleton's attack.
The phantom barely misses you.
You hit the phantom but do no damage.
You headbutt the phantom, but do no damage.
The gnoll barely misses you. You block the gnoll's attack.
You block the water moccasin skeleton's attack.
The phantom hits you. You block the gnoll's attack.
You hit the gnoll but do no damage. The water moccasin skeleton bites you.
The gnoll hits you with a +0 whip. The phantom barely misses you.
The water moccasin skeleton bites you. You block the gnoll's attack. x2
You slash the gnoll!
The gnoll is almost dead.
The phantom barely misses you. The water moccasin skeleton bites you.
The gnoll hits you from afar with a +0 halberd!
* * * LOW HITPOINT WARNING * * *
The gnoll barely misses you.
You slash the gnoll!
You kill the gnoll!
The water moccasin skeleton bites you.
* * * LOW HITPOINT WARNING * * *
The phantom hits you.
* * * LOW HITPOINT WARNING * * *
The phantom blinks!
You blink.
The gnoll closely misses you.
Your Evocations skill increases to level 3!
Unknown command.
Unknown command.
Unknown command.
You slash the gnoll!
The gnoll is heavily wounded.
The phantom hits you!
You die...

#...##.#.# ##..######
##..##.#..##........#
...# ......§...>Z#
.... #.##....[...#
.#... + ##..#######
##.# #.#/# #.###.#.#
#....§§.#
#..(.+.@Z.g.# ...
#W.g.)## . #.....#
#.....# #.....#
#######


You could see a phantom, 2 gnolls and a water moccasin skeleton.

Vanquished Creatures
  2 ogres (D:5)
  A centaur zombie (D:5)
  A gnoll shaman (D:3)
  2 bullfrog skeletons (D:5)
  An iguana (D:5)
  11 gnolls
  4 adders
  7 worms
  5 dart slugs
  13 orcs
  12 endoplasms
  3 giant cockroaches
  8 goblins
  7 hobgoblins
  12 jackals
  3 quokkas
  6 ball pythons
  4 bats
  3 frilled lizards (D:1)
  10 kobolds
  7 rats
122 creatures vanquished.

Notes
Turn   | Place    | Note
-------+----------+-------------------------------------------
     0 | D:1      | Armakuni the Human Enchanter began the quest for the Orb.
     0 | D:1      | Reached XP level 1. HP: 13/13 MP: 3/3
   156 | D:1      | Reached skill level 1 in Fighting
   378 | D:1      | Reached XP level 2. HP: 7/22 MP: 5/5
   995 | D:1      | Reached XP level 3. HP: 26/28 MP: 6/6
  1635 | D:1      | Learned a level 3 spell: Confusing Touch
  1651 | D:2      | Found a faded altar of an unknown god.
  1777 | D:2      | Reached XP level 4. HP: 30/35 MP: 7/7
  1850 | D:2      | Reached skill level 1 in Long Blades
  2169 | D:2      | Reached skill level 1 in Shields
  2836 | D:2      | Reached XP level 5. HP: 36/41 MP: 8/8
  3118 | D:3      | Reached skill level 2 in Long Blades
  3410 | D:3      | Found Uppias's Armour Shoppe.
  3445 | D:3      | Found a runed translucent gate.
  3447 | D:3      | Noticed Jazqba's ghost (amateur OgBe)
  3448 | D:3      | Found a runed translucent gate.
  3448 | D:3      | Found a runed translucent gate.
  3536 | D:3      | Learned a level 4 spell: Cause Fear
  3610 | D:3      | Gained mutation: You have a somewhat thin skeletal
                  | structure. (Dex +2, Stealth+) [potion of mutation]
  3610 | D:3      | Gained mutation: Your magical capacity is low. (-10% MP)
                  | [potion of mutation]
  3610 | D:3      | Gained mutation: You have a pair of small horns on your
                  | head. [potion of mutation]
  3934 | D:3      | Found a broken altar of Ashenzari.
  3990 | D:3      | Found a runed translucent door.
  3991 | D:3      | Noticed Crazy Yiuf
  4537 | D:4      | Learned a level 1 spell: Slow
  4603 | D:4      | Reached XP level 6. HP: 32/47 MP: 8/8
  4713 | D:3      | Reached skill level 3 in Long Blades
  5074 | D:4      | Found a transporter.
  5089 | D:4      | Found a shadowy altar of Dithmenos.
  5090 | D:4      | Found a transporter.
  5138 | D:4      | Found an iron altar of Okawaru.
  5166 | D:4      | Found a blossoming altar of Fedhas.
  6198 | D:5      | Entered Level 5 of the Dungeon
  6220 | D:5      | Reached skill level 4 in Long Blades
  6225 | D:5      | Reached skill level 1 in Evocations
  6225 | D:5      | Reached XP level 7. HP: 38/52 MP: 9/9
  6424 | D:5      | Found a hazy altar of Hepliaklqana.
  6426 | D:5      | Found a shimmering altar of Xom.
  6428 | D:5      | Found an ornate altar of the Wu Jian Council.
  6428 | D:5      | Found a glowing golden altar of the Shining One.
  6438 | D:5      | Became a worshipper of the Shining One
  6473 | D:5      | Reached skill level 5 in Long Blades
  6486 | D:5      | Slain by a phantom

Illustrated notes

Levels and vault maps discovered:
D:1:      minmay_arrival_plants_in_alcoves, layout_basic
D:2:      kennysheep_six_static_rooms, layout_basic, nicolae_ecumenical_pavilion
D:3:      minmay_door_path, layout_loops_ring, mainiacjoe_overflow_paths,
          ebering_ghost_rock_garden, cheibrodos_sewer_entry_bend, serial_shops,
          nicolae_shop_statue_plus, uniq_crazy_yiuf_cottage
D:4:      layout_loops_corners, gammafunk_temple_overflow_arena, fedhas_altar_2,
          hangedman_decor_clover_reticule, dk_noncrumbling_2
D:5:      layout_basic, chequers_temple_overflow_statue_of_worship,
          hellmonk_ghost_happy_afterlife, grunt_ministairs_14

Skill      XL: |  1  2  3  4  5  6  7 |
---------------+----------------------+-----
Fighting       | 1 2 3 |  3.1
Long Blades    | 1 2 4 5 |  5.0
Shields        | 1 2 3 |  3.0
Evocations     | 1 3 |  3.0
Short Blades   | |  1.0
Dodging        | |  2.0
Stealth        | |  3.0
Spellcasting   | |  2.0
Hexes          | |  3.0

Action                   |  1- 3 |  4- 6 |  7- 9 || total
-------------------------+-------+-------+-------++-------
Melee: Dagger            |   140 |       |       ||   140
       Punch             |     1 |       |       ||     1
       Scimitar          |     5 |   269 |    27 ||   301
       Headbutt          |       |    19 |     6 ||    25
Throw: Dart              |       |     8 |       ||     8
Evoke: Wand              |       |       |     4 ||     4
  Use: Scroll            |     4 |     8 |       ||    12
       Potion            |       |     2 |       ||     2
 Stab: Sleeping          |     5 |    10 |       ||    15
Armor: Robe              |     6 |       |       ||     6
       Leather armour    |    36 |    52 |     2 ||    90
       Skin              |       |    16 |       ||    16
Dodge: Dodged            |    84 |   126 |    17 ||   227
Block: Buckler           |       |    85 |    15 ||   100
